[Event "Early-Titled-Tuesday-Blitz-January-23-2024"]
[Site "Chess.com"]
[Date "2024.01.23"]
[Round "6"]
[White "tptagain"]
[Black "Njal28"]
[Result "1/2-1/2"]
[WhiteElo "2929"]
[BlackElo "3049"]
[TimeControl "180+1"]
[EndTime "9:06:41 PST"]
[Termination "Game drawn by repetition"]

1. Nf3 Nf6 2. d4 d5 3. e3 e6 4. Bd3 Be7 5. O-O O-O 6. c4 a6 7.
b3 b6 8. Bb2 Bb7 9. Nbd2 Nbd7 10.
Qe2 dxc4 11. Nxc4 c5 12. Rac1 b5 13. Nce5 Nxe5 14. Nxe5 cxd4 15. Bxd4 Qd5 16. Qf3 Qxd4 17. exd4 Bxf3 18. Nxf3 Rfc8 19. a4 bxa4 20. bxa4 a5 21. Ne5 Nd5 22. Be4 Ba3 23. Rb1 Bb4 24. Rfc1 Nc3 25.
Bxa8 Ne2+ 26. Kf1 Nxc1 27. Nc6 Na2 28. Rb2 Nc3 29. Nxb4 Rxa8 30. Nc6 Nxa4 31. Ra2 Nc3 32. Rxa5 Rxa5 33. Nxa5 Nb5 34. Nb3 Kf8 35. Ke2 Ke7 36.
Kd3 Nd6 37. f3 h5 38. g3 Nf5 39. Ke4 Kd6 40. Na5 f6 41. Nc4+ Ke7 42. d5 exd5+ 43. Kxd5 Kf7 44. Nd6+ Kg6 45. Nc4 Kf7 46. Nd6+ Kg6 47.
Nc4 Kf7 1/2-1/2

[Event "Early-Titled-Tuesday-Blitz-January-23-2024"]
[Site "Chess.com"]
[Date "2024.01.23"]
[Round "6"]
[White "NewYearGirl"]
[Black "masnyszachistaaa"]
[Result "0-1"]
[WhiteElo "2370"]
[BlackElo "2526"]
[TimeControl "180+1"]
[EndTime "9:06:44 PST"]
[Termination "masnyszachistaaa won by resignation"]

1. e4 c5 2. Nf3 Nc6 3. d4 cxd4 4. Nxd4 g6 5. c4 Bg7 6. Be3 Nf6 7. Nc3 d6 8. Be2 O-O 9. O-O Nxd4 10. Bxd4 Be6 11. b3 Nd7 12. Bxg7 Kxg7 13. f4 f6 14. Nd5 Bxd5 15. exd5 a5 16. Bg4 Nc5 17. Re1 Ra7 18. Qd4 Qb6 19. Rxe7+ Rf7 20. Rae1 Na4 21. Qxb6 Nxb6 22.
Re8 Ra8 23. Rxa8 Nxa8 24. Re8 Rf8 25. Rxf8 Kxf8 26. Bc8 b6 27. Kf2 Nc7 28. Ke3 Ke7 29. Kd4 Kd8 30. Bb7 Ke7 31. a3 Ne8 32. b4 axb4 33. axb4 h6 34. c5 bxc5+ 35. bxc5 dxc5+ 36. Kxc5 Nd6 37. Ba6 g5 38. fxg5 fxg5 39. Kd4 Kf6 40. Bd3 Nf7 41. Kc5 Ke5 42. Bg6 Nd6 43. Kc6 Nc8 44.
g4 Ne7+ 45. Kc7 Nxg6 46. d6 Nf8 47. h3 Ke6 48. Kd8 Kxd6 49. Ke8 Ng6 50. Kf7 Nf4 51. Kg7 Nxh3 52. Kxh6 Ke5 53. Kg6 Kf4 54. Kh5 Kg3 0-1

[Event "Early-Titled-Tuesday-Blitz-January-23-2024"]
[Site "Chess.com"]
[Date "2024.01.23"]
[Round "6"]
[White "stratacticos"]
[Black "Heinza9"]
[Result "0-1"]
[WhiteElo "2025"]
[BlackElo "2312"]
[TimeControl "180+1"]
[EndTime "9:06:44 PST"]
[Termination "Heinza9 won on time"]

1. b4 f5 2. Bb2 Nf6 3. Nf3 e6 4. a3 Be7 5. c4 O-O 6. e3 b6 7. d4 Bb7 8. Be2 h6 9. Nc3 d6 10. O-O Nbd7 11. Nd2 e5 12. d5 a5 13. Qc2 e4 14. f3 exf3 15. Bxf3 g6 16. e4 f4 17.
Rae1 Ne5 18. Be2 g5 19. Nb5 axb4 20. axb4 Qd7 21. Nd4 Nfg4 22. Bxg4 Qxg4 23. Ne6 Rfc8 24. Bxe5 dxe5 25. Qc3 Bf6 26. h3 Qh5 27. c5 bxc5 28. bxc5 Ba6 29. Rf2 Rab8 30. Nc4 c6 31. Nd6 cxd5 32.
Nxc8 Rxc8 33. exd5 Qf7 34. Rxe5 Rb8 35. Qe1 Bxe5 36.
Qxe5 Rb1+ 37. Kh2 Bd3 38. Rb2 Rxb2 39. Qxb2 f3 40. Qb8+ Kh7 41. gxf3 Qxf3 42. Qg3 Qe2+ 43. Qg2 Qe5+ 44. Kg1 Be4 45. Qe2 Qg3+ 0-1

[Event "Early-Titled-Tuesday-Blitz-January-23-2024"]
[Site "Chess.com"]
[Date "2024.01.23"]
[Round "6"]
[White "GroovyKettle"]
[Black "GMKrikor"]
[Result "1-0"]
[WhiteElo "2977"]
[BlackElo "2800"]
[TimeControl "180+1"]
[EndTime "9:06:46 PST"]
[Termination "GroovyKettle won by resignation"]

1. e4 e6 2. d4 d5 3. Nd2 c5 4. Ngf3 cxd4 5. Nxd4 Nf6 6. exd5 Nxd5 7. g3 e5 8. Bb5+ Bd7 9. Qe2 Bxb5 10. Qxe5+ Be7 11. Nxb5 O-O 12. O-O Nc6 13. Qe4 a6 14. Nd4 Nxd4 15. Qxd4 Bf6 16. Qg4 Rc8 17. c3 Re8 18. Ne4 Qe7 19.
Nxf6+ Nxf6 20. Qf3 Qe4 21. Qxe4 Rxe4 22. Be3 Nd5 23. Bd4 Rce8 24. f3 R4e6 25. Rf2 Ne7 26. Rd2 Nc6 27. Rad1 Nxd4 28. Rxd4 g5 29. R1d2 Kg7 30.
g4 Kg6 31. Kf2 R8e7 32. Rd6 h5 33. h3 hxg4 34. hxg4 f6 35. Rxe6 Rxe6 36. Rd7 b5 37. Rd4 f5 38. gxf5+ Kxf5 39. a4 Re5 40. axb5 axb5 41.
b4 Kf6 42. Rd6+ Kf5 43. Rc6 Rd5 44. Ke3 Ke5 45. Rg6 Kf5 46. Rb6 Ke5 47. Rc6 Kf5 48.
c4 bxc4 49. Rxc4 Rd1 50. Rc5+ Kf6 51. b5 Rb1 52. Kd4 Rb3 53. Ke4 Rb4+ 54. Kd5 Rb3 55. Kc6 Rxf3 56. b6 Rb3 57. b7 Rxb7 58. Kxb7 g4 59. Kb6 g3 60. Rc3 1-0

[Event "Early-Titled-Tuesday-Blitz-January-23-2024"]
[Site "Chess.com"]
[Date "2024.01.23"]
[Round "6"]
[White "vladgoncharov"]
[Black "chess_blitz00"]
[Result "1-0"]
[WhiteElo "2641"]
[BlackElo "2468"]
[TimeControl "180+1"]
[EndTime "9:06:47 PST"]
[Termination "vladgoncharov won on time"]

1. d4 Nf6 2. c4 e6 3. Nc3 Bb4 4. e3 O-O 5. Bd3 Re8 6. Ne2 d5 7. O-O b6 8. a3 Bf8 9. b4 c5 10. dxc5 bxc5 11. cxd5 cxb4 12. axb4 Bxb4 13. Na2 Nxd5 14. e4 Bb7 15. exd5 Qxd5 16. Nf4 Qe5 17. Rb1 a5 18. Nxb4 axb4 19. Rxb4 Qc7 20. Qh5 h6 21.
Qg4 Nc6 22. Nh5 f5 23. Nf6+ Kh8 24. Nxe8 Rxe8 25. Qc4 Qf7 26. Rxb7 Qxb7 27. Bf4 Na5 28. Qb5 Rd8 29. Qxb7 Nxb7 30. Bc4 Nc5 31. Be5 Kh7 32. h4 Nd7 33. Ba1 Nf8 34. Re1 Rc8 35. Bd3 Rd8 36.
Bb1 Kg6 37. g3 Kf7 38. Rc1 Rd7 39. Be5 Ng6 40. Bb2 Ne7 41. Ba2 Nd5 42. Bxd5 exd5 43. Rd1 Ke6 44. Kg2 Rb7 45. Re1+ Kd6 46. Bd4 Rb4 47. Bxg7 d4 48. Bxh6 Kd5 49. Bf4 d3 50. h5 1-0

[Event "Early-Titled-Tuesday-Blitz-January-23-2024"]
[Site "Chess.com"]
[Date "2024.01.23"]
[Round "6"]
[White "JimDiGrease"]
[Black "Sychev_Klementy"]
[Result "1/2-1/2"]
[WhiteElo "2962"]
[BlackElo "2782"]
[TimeControl "180+1"]
[EndTime "9:06:48 PST"]
[Termination "Game drawn by repetition"]

1. d4 g6 2. c4 Bg7 3. e4 e5 4.
dxe5 Nc6 5. Nf3 Nxe5 6. Nxe5 Bxe5 7. Be2 Ne7 8. O-O Nc6 9. Nc3 O-O 10. Be3 d6 11.
Qd2 f5 12. exf5 Bxf5 13. f4 Bg7 14. Bf3 Qd7 15. Rad1 Rae8 16. Nd5 Rf7 17. Rfe1 Bg4 18. Bxg4 Qxg4 19. b3 h6 20. Bf2 Rxe1+ 21. Rxe1 Kh8 22.
Qd3 Kh7 23. h3 Qd7 24. Qe4 a5 25. Kh2 Nb4 26. Nxb4 axb4 27. Qxb7 Rxf4 28. Bg3 Bc3 29.
Rd1 Rf7 30. c5 Qf5 31. Qd5 dxc5 32. Qxf5 gxf5 33. Bf2 Be5+ 34. Kg1 Bd4 35. Kf1 Kg6 36. Ke2 Re7+ 37. Kf3 Re6 38. Bxd4 Rd6 39. Ke3 cxd4+ 40.
Rxd4 Ra6 41. Rxb4 Rxa2 42. Kf3 Rc2 43. Rb5 Kf6 44. Kg3 c6 45. Rb8 Kg5 46. Rg8+ Kf6 47. Rb8 Kg5 48. Rg8+ Kf6 49. Rb8 1/2-1/2

[Event "Early-Titled-Tuesday-Blitz-January-23-2024"]
[Site "Chess.com"]
[Date "2024.01.23"]
[Round "6"]
[White "azikom"]
[Black "Cheer_Down"]
[Result "0-1"]
[WhiteElo "2676"]
[BlackElo "2462"]
[TimeControl "180+1"]
[EndTime "9:06:48 PST"]
[Termination "Cheer_Down won on time"]

1. c4 e6 2. Nc3 d5 3. e3 dxc4 4. Bxc4 Nf6 5. Nf3 a6 6. O-O b5 7. Bb3 Bb7 8. d3 c5 9. e4 Nc6 10. a4 Qb6 11. axb5 axb5 12. Rxa8+ Bxa8 13. Qe2 Be7 14. e5 Nd7 15. Bf4 O-O 16. Ne4 Nb4 17. h4 Rd8 18. h5 Nxd3 19. Qxd3 c4 20. Qe2 cxb3 21.
h6 gxh6 22. Bxh6 Nc5 23. Nf6+ Bxf6 24. exf6 Ne4 25. Ne5 Nxf6 26. Bg5 Kg7 27. Ng4 Nxg4 28. Bxd8 Qd4 29. Rd1 Qf4 30. Bc7 Qf5 31. Bg3 Bd5 32.
f3 Nf6 33. Qe5 Qxe5 34. Bxe5 Kg6 35. Ra1 Nd7 36. Bc3 Nc5 37. Ra7 Na4 38. Bd4 f6 39. Rc7 e5 40. Bc3 Bc4 41. Kf2 Nxc3 0-1

[Event "Early-Titled-Tuesday-Blitz-January-23-2024"]
[Site "Chess.com"]
[Date "2024.01.23"]
[Round "6"]
[White "Knightmare1014"]
[Black "RichardLeyvaP"]
[Result "0-1"]
[WhiteElo "2258"]
[BlackElo "2502"]
[TimeControl "180+1"]
[EndTime "9:06:48 PST"]
[Termination "RichardLeyvaP won by checkmate"]

1. e4 e5 2. Nf3 Nc6 3. Bb5 a6 4.
Ba4 Nf6 5. O-O Be7 6. Re1 b5 7. Bb3 d6 8. a4 b4 9. d4 Bg4 10.
dxe5 Nxe5 11. Nbd2 O-O 12. h3 Bh5 13. g4 Nxf3+ 14.
Qxf3 Bg6 15. Nf1 Re8 16. Ng3 h6 17. Bd2 c5 18. Nf5 Bf8 19. a5 Nh7 20. Bd5 Ra7 21. Rad1 Ng5 22. Bxg5 hxg5 23. Qb3 Qxa5 24. h4 gxh4 25.
Nxh4 Bh7 26. g5 Qd8 27. Bxf7+ Rxf7 28. g6 Qg5+ 29. Kf1 Bxg6 30. Nxg6 Qxg6 31. Re3 Qe6 32. Rd5 Rf4 33. Qc4 Qf7 34. Rh3 Rxf2+ 35. Ke1 Rf6 36. Kd2 Rh6 37. Rxh6 gxh6 38. Qe2 Bg7 39. Qg4 Re5 40.
Rxd6 Kh7 41. Rd7 Qg6 42. Qf3 Qxe4 43. Qf7 Qe3+ 44. Kd1 Qe1# 0-1

[Event "Early-Titled-Tuesday-Blitz-January-23-2024"]
[Site "Chess.com"]
[Date "2024.01.23"]
[Round "6"]
[White "Al_Shima"]
[Black "tolimachess"]
[Result "1-0"]
[WhiteElo "2261"]
[BlackElo "2464"]
[TimeControl "180+1"]
[EndTime "9:06:48 PST"]
[Termination "Al_Shima won by checkmate"]

1. d4 c5 2. d5 d6 3. Nc3 g6 4. e4 Bg7 5. Bc4 Nf6 6. Nf3 O-O 7. O-O Bd7 8. Re1 Na6 9. a4 Nc7 10. e5 dxe5 11. Nxe5 Bf5 12. Bg5 h6 13. Bh4 Nce8 14. Qe2 Nd6 15. Rad1 a6 16. Bb3 Qc7 17. Bg3 Nh5 18. Nc4 Nxg3 19. hxg3 Bf6 20. Qf3 h5 21.
Qf4 Rac8 22. Rd2 Kg7 23. Rde2 b6 24. f3 g5 25. Qd2 Bd4+ 26. Kh1 Bf6 27. Ne5 Rh8 28.
Kg1 h4 29. gxh4 Rxh4 30. Nc6 Rch8 31. Rxe7 Bxe7 32. Rxe7 Rh1+ 33. Kf2 Qc8 34. Qxg5+ Bg6 35. Qe5+ Kg8 36. Qxd6 Qf5 37. Re8+ Kg7 38. Rxh8 Rxh8 39.
Qe5+ Qxe5 40. Nxe5 Re8 41. f4 f6 42. Nd7 b5 43. axb5 axb5 44. Nxb5 c4 45. Bxc4 Bxc2 46.
Nc5 Bf5 47. d6 Rc8 48. b4 Ra8 49. Be6 Ra2+ 50. Kg1 Ra1+ 51. Kh2 Bxe6 52. Nxe6+ Kf7 53. d7 Rd1 54. d8=Q Rxd8 55. Nxd8+ Ke7 56. Nc6+ Kd7 57.
Ncd4 Ke7 58. Kg3 Kd7 59. Kg4 Ke7 60. Kf5 Kf7 61. g4 Ke7 62. g5 fxg5 63. fxg5 Kf7 64.
Nc3 Kg7 65. b5 Kf7 66. b6 Ke7 67. b7 Kd7 68. b8=Q Ke7 69. Qc7+ Ke8 70. Ke6 Kf8 71. Qf7# 1-0

[Event "Early-Titled-Tuesday-Blitz-January-23-2024"]
[Site "Chess.com"]
[Date "2024.01.23"]
[Round "6"]
[White "Licancabur"]
[Black "DarZay"]
[Result "0-1"]
[WhiteElo "2456"]
[BlackElo "2282"]
[TimeControl "180+1"]
[EndTime "9:06:48 PST"]
[Termination "DarZay won on time"]

1. d4 d5 2. c4 e6 3. Nf3 Nf6 4. Nc3 Be7 5. cxd5 exd5 6. Qc2 c6 7.
Bf4 g6 8. Bh6 Bf5 9. Qc1 Qb6 10.
e3 Na6 11. a3 c5 12. Bb5+ Nd7 13. O-O Nc7 14. Bxd7+ Bxd7 15. Ne5 Be6 16. Na4 Qb5 17. Nxc5 Bxc5 18. Qxc5 Qxc5 19. dxc5 f6 20. Nf3 Kf7 21.
Bf4 Ne8 22. Nd4 Bd7 23. b4 g5 24. Bg3 h5 25. h3 h4 26. Bh2 f5 27. Be5 Nf6 28. b5 Rag8 29. c6 bxc6 30. bxc6 Bc8 31. Rab1 g4 32. Kh1 gxh3 33. gxh3 Rh7 34. Bxf6 Kxf6 35.
Rg1 Re8 36. Rb5 f4 37. Rxd5 fxe3 38. fxe3 Rxe3 39. Rf1+ Kg6 40. Rd6+ Kg5 41. Rg1+ Kf4 42. Rf1+ Ke4 43. Ne6 Ke5 44. Ng5 Rg7 45. Nf7+ Rxf7 46.
Rxf7 Rxh3+ 47. Kg2 Rg3+ 48. Kh2 Kxd6 49. Rf6+ Kc7 50.
Rh6 Rh3+ 51. Kg2 Rg3+ 52. Kh2 Rg4 53. Rh7+ Kxc6 54. Rxa7 Rd4 55. Rh7 Rd2+ 56. Kg1 h3 57.
a4 Ra2 58. Rh4 Kb6 59. Rf4 Ka5 60. Rh4 Rxa4 0-1

[Event "Early-Titled-Tuesday-Blitz-January-23-2024"]
[Site "Chess.com"]
[Date "2024.01.23"]
[Round "6"]
[White "monomita"]
[Black "OparinGrigoriy"]
[Result "0-1"]
[WhiteElo "2831"]
[BlackElo "3030"]
[TimeControl "180+1"]
[EndTime "9:06:50 PST"]
[Termination "OparinGrigoriy won by resignation"]

1. d4 Nf6 2. c4 e6 3. g3 c5 4.
d5 exd5 5. cxd5 g6 6. Bg2 d6 7. Nc3 Bg7 8. Nf3 O-O 9. O-O Re8 10. Bf4 Bf5 11. Nh4 Bg4 12. h3 Nh5 13. Bxd6 Bxe2 14.
Nxe2 Qxd6 15. Nc3 Bxc3 16. bxc3 Nd7 17. Nf5 Qf6 18. Ne3 Qxc3 19. d6 Rad8 20. Nd5 Qd4 21. Qxd4 cxd4 22. Rfd1 Ndf6 23. Nc7 Re2 24. Rxd4 Rb2 25.
a4 Ng7 26. Re1 Nf5 27. Rf4 Rxd6 28. Nb5 Ra6 29. Bxb7 Rb6 30. Bc8 Nd5 31. Rc4 a6 32. Nc3 Nxc3 33. Rxc3 Nd4 34. a5 Rf6 35. Re8+ Kg7 36.
Rd3 Rbxf2 37. Rd1 Ne2+ 38. Kh1 Nxg3+ 39. Kg1 Ra2 40. Bb7 Rxa5 41. Rdd8 Nf5 42. Rd1 Nh4 43. Re3 Ra2 44. Red3 Rb2 45. Bd5 a5 46. Bc4 Nf3+ 47.
Rxf3 Rxf3 48. Rd7 a4 49. Ra7 a3 50. Bd5 Rf5 51. Bc4 Rc5 52. Rxf7+ Kh6 53. Rf4 Rxc4 54. Rxc4 a2 55. Rc1 Rb1 56. Rxb1 axb1=Q+ 57. Kg2 Qd3 58. h4 Kh5 59. Kh2 Kxh4 0-1

[Event "Early-Titled-Tuesday-Blitz-January-23-2024"]
[Site "Chess.com"]
[Date "2024.01.23"]
[Round "6"]
[White "ValentunHulka"]
[Black "KnobbedHornbill"]
[Result "1-0"]
[WhiteElo "2812"]
[BlackElo "2586"]
[TimeControl "180+1"]
[EndTime "9:06:51 PST"]
[Termination "ValentunHulka won by resignation"]

1. e4 c5 2. Nf3 e6 3. g3 Nc6 4. Bg2 g6 5. O-O Bg7 6. c3 Nge7 7. d4 cxd4 8. cxd4 d5 9. exd5 Nxd5 10. Nc3 O-O 11.
Re1 b6 12. Nxd5 exd5 13. h3 Ba6 14. Bf4 Rc8 15. a3 Na5 16. Ne5 Nc4 17. Qa4 Bb7 18. Qxa7 Nd6 19. Qa4 g5 20. Be3 h6 21. Qb3 Nc4 22. Rad1 Qd6 23. Qb5 Rfd8 24. Nxc4 Rxc4 25.
Rc1 Rdc8 26. Rxc4 Rxc4 27. Qe8+ Qf8 28. Qd7 Qc8 29. Qd6 Qe6 30. Qb8+ Qc8 31. Qxc8+ Rxc8 32. Re2 Rc4 33. Rd2 Kf8 34. Bf1 Rc1 35. Kg2 Ke7 36. Bd3 Kd6 37. Kf3 Bc6 38. Ke2 Bd7 39.
h4 gxh4 40. gxh4 Bg4+ 41. f3 Bd7 42. Rd1 Rxd1 43. Kxd1 Bf6 44. Bxh6 Bxh4 45. Bf4+ Ke7 46. Bc7 b5 47. Kd2 Bg5+ 48. Kc3 Bf6 49. f4 Bc6 50. Be5 Bh4 51. Kb4 Be1+ 52. Kc5 Kd7 53. Bxb5 Bxb5 54. Kxb5 Ke6 55. Kc6 Bd2 56. a4 Bc1 57. b4 Bd2 58. b5 Ba5 59. b6 f6 60.
b7 Bc7 61. Bxc7 1-0

[Event "Early-Titled-Tuesday-Blitz-January-23-2024"]
[Site "Chess.com"]
[Date "2024.01.23"]
[Round "6"]
[White "s4p0ud"]
[Black "GeorgiosSouleidis"]
[Result "1-0"]
[WhiteElo "2521"]
[BlackElo "2646"]
[TimeControl "180+1"]
[EndTime "9:06:51 PST"]
[Termination "s4p0ud won by resignation"]

1. e4 c5 2. b3 e6 3. Bb2 a6 4.
Nf3 Nc6 5. c4 d5 6. exd5 exd5 7.
cxd5 Qxd5 8. Nc3 Qd8 9. Qe2+ Be7 10. Ne4 Nd4 11. Nxd4 cxd4 12. Rc1 Be6 13. g3 Nf6 14.
Bg2 Nxe4 15. Qxe4 Rc8 16. Rxc8 Qxc8 17. Qxb7 Bf6 18. Qxc8+ Bxc8 19. O-O O-O 20. Re1 Be6 21. Be4 a5 22. Kg2 g6 23. Rc1 Rb8 24. Ba3 Kg7 25. Rc5 a4 26. bxa4 Bxa2 27. a5 Re8 28. d3 Bb1 29. a6 Rxe4 30. dxe4 Bxe4+ 31. f3 Ba8 32. Bb2 d3 33. Bxf6+ Kxf6 34. Kf2 Ke6 35.
Ke3 Kd6 36. Ra5 Kc7 37. Kxd3 Bxf3 38. a7 Ba8 39. Ra1 Kb6 40. Kd4 f6 41. h4 Kc6 42.
Rb1 Bb7 43. g4 f5 44. gxf5 gxf5 45. Ke5 Kc7 46. Kxf5 Ba8 47. Kf6 Be4 48. Rb4 Bd5 49. Rb8 Bc6 50. a8=Q Bxa8 51. Rxa8 1-0

[Event "Early-Titled-Tuesday-Blitz-January-23-2024"]
[Site "Chess.com"]
[Date "2024.01.23"]
[Round "6"]
[White "CarlosjPineror"]
[Black "Savagelittlemole"]
[Result "1-0"]
[WhiteElo "2608"]
[BlackElo "2453"]
[TimeControl "180+1"]
[EndTime "9:06:51 PST"]
[Termination "CarlosjPineror won on time"]

1. e4 c5 2. Ne2 Nf6 3. e5 Ng4 4. f4 d6 5. h3 Nh6 6. exd6 exd6 7. g3 Nc6 8. Bg2 g6 9. O-O Bg7 10. d3 O-O 11. Nbc3 Be6 12. g4 f5 13. g5 Nf7 14. Nd5 Ne7 15. Nec3 Rb8 16. Re1 Bxd5 17. Nxd5 Nxd5 18. Bxd5 Kh8 19. a4 Qc7 20. c3 Rbe8 21. Bd2 Nd8 22. Qf3 b6 23. h4 Qd7 24. b3 Rxe1+ 25. Rxe1 Re8 26. Rxe8+ Qxe8 27. Kf2 h6 28. Qe2 Qd7 29. Qf3 Kh7 30. Bc4 Qc6 31. Bd5 Qe8 32.
Bc4 Qc6 33. Qd5 Qxd5 34. Bxd5 Bh8 35. a5 b5 36. Ke3 hxg5 37. hxg5 Kg7 38. d4 Kf8 39.
dxc5 dxc5 40. b4 cxb4 41. cxb4 Ke7 42. Kd3 Ne6 43. Be3 a6 44. Bb7 Nc7 45. Bb6 Kd7 46. Bxc7 Kxc7 47. Bxa6 Kc6 48. Bc8 Bg7 49. Be6 Bf8 50.
Kc3 Bg7+ 51. Kb3 Bd4 52. Bf7 Be3 53. Bxg6 Bxf4 54. Be8+ Kb7 55. g6 Be5 56. Bxb5 f4 57. Be2 Ka7 58. b5 Bf6 59. Ka4 Bc3 60. b6+ Kb7 61.
Kb5 1-0

[Event "Early-Titled-Tuesday-Blitz-January-23-2024"]
[Site "Chess.com"]
[Date "2024.01.23"]
[Round "6"]
[White "ChessboArt"]
[Black "FM_VS99"]
[Result "0-1"]
[WhiteElo "2203"]
[BlackElo "2535"]
[TimeControl "180+1"]
[EndTime "9:06:51 PST"]
[Termination "FM_VS99 won by checkmate"]

1. Nf3 Nf6 2. g3 g6 3. Bg2 Bg7 4. c4 d6 5. Nc3 O-O 6. O-O c5 7. d4 cxd4 8. Nxd4 Nc6 9. Nxc6 bxc6 10. Bxc6 Bh3 11. Bg2 Bxg2 12. Kxg2 Rc8 13. Qd3 Qc7 14. Be3 Qb7+ 15. Kg1 Rfd8 16. Rac1 a6 17. b3 Qd7 18. Nd5 Qh3 19. Nxf6+ Bxf6 20. Bd4 Bxd4 21. Qxd4 Rc5 22. f3 h5 23. e4 a5 24. Rfd1 h4 25. Qf2 hxg3 26. hxg3 Rg5 27. g4 f5 28. exf5 gxf5 29.
Qe3 Rg7 30. Qe6+ Rf7 31. Rd2 fxg4 32. Rg2 Qxf3 33. Rxg4+ Kf8 34. Re1 Qf2+ 35. Kh1 Qf6 36. Qxf6 Rxf6 37. Rg5 Ra8 38. Rb5 a4 39. b4 Rc8 40. c5 Rf5 41. Rc1 Kf7 42. Ra5 Rg5 43. Rxa4 Rh8# 0-1

[Event "Early-Titled-Tuesday-Blitz-January-23-2024"]
[Site "Chess.com"]
[Date "2024.01.23"]
[Round "6"]
[White "ChessLebaneseSalah"]
[Black "jaskol95"]
[Result "0-1"]
[WhiteElo "2388"]
[BlackElo "2553"]
[TimeControl "180+1"]
[EndTime "9:06:51 PST"]
[Termination "jaskol95 won by resignation"]

1. e4 d6 2. Nf3 Nf6 3. Nc3 e5 4. d4 Nbd7 5. Bd3 Be7 6. O-O c6 7. Re1 Qc7 8. Be3 Ng4 9. Bd2 Nf8 10. Qe2 Ng6 11. Rad1 O-O 12. h3 Nf6 13. a4 Nh5 14. d5 Nhf4 15. Qf1 f5 16. Bxf4 Nxf4 17. exf5 Bxf5 18. Bxf5 Rxf5 19. dxc6 bxc6 20. Qc4+ Kh8 21. Nd5 Nxd5 22. Rxd5 Rf4 23. Qc3 Qd7 24. Nxe5 Qe6 25. Qxc6 Rc8 26. Qb7 Rxc2 27. Nf3 Re2 28. Rxe2 Qxe2 29.
Rd2 Qe6 30. Qxa7 h6 31. Qe3 Re4 32. Qd3 d5 33. Qxd5 Qg6 34. Qa8+ Kh7 35. Kh2 Bd6+ 36. Rxd6 Qxd6+ 37. g3 Re2 38. Kg2 Qc5 39. Ng5+ hxg5 40. Qf3 Qe5 41. Qh5+ Kg8 42. Qf3 Qe4 43. a5 Qxf3+ 44. Kxf3 Rxb2 45. Kg4 Ra2 46. Kxg5 Rxa5+ 47. Kg4 Kf7 48. f4 Kf6 49. h4 g6 50. Kf3 Ra3+ 51.
Kg4 Rb3 52. Kh3 Kf5 53. Kg2 Kg4 54. h5 Rxg3+ 0-1

[Event "Early-Titled-Tuesday-Blitz-January-23-2024"]
[Site "Chess.com"]
[Date "2024.01.23"]
[Round "6"]
[White "Bigfish1995"]
[Black "Natalya_Buksa"]
[Result "1-0"]
[WhiteElo "3118"]
[BlackElo "2597"]
[TimeControl "180+1"]
[EndTime "9:06:52 PST"]
[Termination "Bigfish1995 won by resignation"]

1. e4 c5 2. c3 d5 3. exd5 Nf6 4. Bb5+ Nbd7 5. d4 Nxd5 6. dxc5 e6 7. c6 bxc6 8. Bxc6 Rb8 9. Bxd5 exd5 10. Ne2 Nf6 11.
O-O Bd6 12. h3 O-O 13. Nd2 Bc7 14. Nf3 Ne4 15. Qc2 Rb6 16. Kh1 Rg6 17. Bf4 Rf6 18. Bxc7 Qxc7 19. Ned4 h6 20. Rae1 Qf4 21. c4 dxc4 22.
Qxe4 Qb8 23. Qc2 Ba6 24. Qc3 Qb6 25. Re3 Rb8 26. Ne5 Rd8 27. Ndf3 Kh7 28. Nxc4 Bxc4 29. Qxc4 Qxb2 30. Re2 Qb6 31. Ne5 Re8 32. Ng4 Rfe6 33.
Rxe6 Rxe6 34. Ne3 Qa5 35. a4 h5 36. Rd1 g6 37. Qf4 Kg7 38. Rd7 Rf6 39. Qd4 Qe1+ 40.
Kh2 Qxf2 41. Rd6 Qf4+ 42. Qxf4 Rxf4 43. Ra6 Re4 44. Nd5 h4 45. Rxa7 g5 46. a5 Rd4 47. Ne3 Kg6 48. Ra6+ f6 49. Ng4 Ra4 50. Rxf6+ Kg7 51. a6 Ra1 52. Rb6 Ra2 53. Ne5 g4 54. hxg4 Ra5 55. Nf3 1-0

[Event "Early-Titled-Tuesday-Blitz-January-23-2024"]
[Site "Chess.com"]
[Date "2024.01.23"]
[Round "6"]
[White "CaspiIsrael"]
[Black "Binary010"]
[Result "0-1"]
[WhiteElo "2695"]
[BlackElo "2894"]
[TimeControl "180+1"]
[EndTime "9:06:52 PST"]
[Termination "Binary010 won by checkmate"]

1. e4 c5 2. Nf3 d6 3. d4 cxd4 4.
Nxd4 Nf6 5. f3 e5 6. Nb3 d5 7. Bg5 Be6 8. exd5 Qxd5 9. Qxd5 Nxd5 10. Bb5+ Nc6 11. Bxc6+ bxc6 12. Bd2 f6 13. Nc3 Kf7 14. Ne4 Rb8 15. O-O-O Be7 16. a3 Nb6 17. Nec5 Bd5 18.
Na6 Rbd8 19. Bb4 Bxb4 20. Nxb4 Bxb3 21. cxb3 Ke6 22. Kb1 c5 23. Nc6 Rxd1+ 24. Rxd1 Nd5 25. g3 a6 26. Na5 h5 27. Nc4 h4 28. g4 Rc8 29. Rxd5 Kxd5 30. Nb6+ Kd4 31. Nxc8 Ke3 32. Kc2 Kxf3 33. Kd2 Kg2 34. Ke2 Kxh2 35. Kf2 e4 36. Nd6 e3+ 37. Kxe3 Kg2 38. Nf5 h3 39. Nh4+ Kg3 40.
Nf3 g6 41. g5 fxg5 42. Nxg5 h2 43. Ne4+ Kg2 44. Nf2 g5 45. a4 g4 46. Nxg4 h1=Q 47. Kd3 Qd1+ 48. Kc4 Qxg4+ 49. Kxc5 Qe2 50. b4 Qc2+ 51.
Kb6 Qxa4 52. b3 Qxb4+ 53. Kxa6 Qxb3 54. Ka5 Kf3 55. Ka6 Ke4 56. Ka7 Kd5 57. Ka6 Kc6 58.
Ka7 Qb7# 0-1

[Event "Early-Titled-Tuesday-Blitz-January-23-2024"]
[Site "Chess.com"]
[Date "2024.01.23"]
[Round "6"]
[White "Sadykov_Ramil"]
[Black "DvaHrasta"]
[Result "1-0"]
[WhiteElo "2614"]
[BlackElo "2429"]
[TimeControl "180+1"]
[EndTime "9:06:52 PST"]
[Termination "Sadykov_Ramil won on time"]

1. d4 Nf6 2. Nc3 d5 3. Bf4 e6 4. e3 Bd6 5. Qf3 O-O 6. g4 c5 7. g5 cxd4 8. gxf6 dxc3 9. Qg3 Qxf6 10. Bxd6 cxb2 11. Rb1 Qc3+ 12. Kd1 Nc6 13. Bxf8 Kxf8 14. Bd3 Qa3 15. Nf3 Qxa2 16. Ke2 a5 17. Qd6+ Ke8 18. Ne5 Ra7 19. Bb5 f6 20. Qb8 fxe5 21. Qxc8+ Ke7 22. Qc7+ Kf6 23. Rhg1 g6 24. Bxc6 Qc4+ 25. Kd2 Qxc6 26. Qxc6 bxc6 27. Rxb2 a4 28. Ra1 c5 29. Rba2 Rd7 30.
Rxa4 e4 31. Ra5 Kf5 32. Rxc5 Kg4 33. Ra6 Kf3 34. Rxe6 Kxf2 35. Re5 Kg2 36. Rcxd5 Rf7 37.
Rxe4 Kxh2 38. c4 Kg3 39. c5 h5 40. c6 h4 41. Rd7 Rf2+ 42. Kd3 Rf6 43. Rc4 h3 44. c7 h2 45. Rh7 Rd6+ 46. Ke2 1-0

[Event "Early-Titled-Tuesday-Blitz-January-23-2024"]
[Site "Chess.com"]
[Date "2024.01.23"]
[Round "6"]
[White "supereagles1201"]
[Black "vova-79"]
[Result "1-0"]
[WhiteElo "2377"]
[BlackElo "2549"]
[TimeControl "180+1"]
[EndTime "9:06:52 PST"]
[Termination "supereagles1201 won on time"]

1. d4 d5 2. c4 c6 3. cxd5 cxd5 4.
Nc3 Nf6 5. Bf4 Nc6 6. e3 a6 7.
Bd3 Bg4 8. Nge2 Bxe2 9. Qxe2 e6 10. Rc1 Bd6 11. Bg5 h6 12. Bh4 Be7 13. O-O O-O 14.
Na4 Nd7 15. Bg3 Qa5 16. Qd1 Rfc8 17. a3 b5 18. Nc3 Nb6 19. Na2 Nc4 20. Qe2 Qb6 21.
Bxc4 bxc4 22. Nc3 Rd8 23. Rc2 Bd6 24. Bxd6 Rxd6 25. Rd1 Rb8 26. Rdd2 Na5 27. Qf3 Nb3 28. Re2 Na1 29. Rcd2 Nb3 30. Rc2 Qd8 31. g3 Qf6 32.
Qxf6 gxf6 33. Kg2 f5 34. f4 Rdb6 35. Kf3 h5 36. h3 Kg7 37. Rg2 Kf6 38. Rce2 Nc1 39.
Rd2 Nd3 40. Na4 Rb3 41. Rge2 c3 42. Nxc3 Nxb2 43. Nd1 Nc4 44. Ra2 Rd3 45. Nf2 Rc3 46.
g4 hxg4+ 47. hxg4 Rbb3 48. Nd1 Rc1 49. Nf2 fxg4+ 50. Nxg4+ Ke7 51. Ne5 Rf1+ 52. Kg2 Rc1 53. Kf3 Rcc3 54. Nxc4 dxc4 55. a4 a5 56. Rac2 1-0

[Event "Early-Titled-Tuesday-Blitz-January-23-2024"]
[Site "Chess.com"]
[Date "2024.01.23"]
[Round "6"]
[White "MITerryble"]
[Black "artin10862"]
[Result "0-1"]
[WhiteElo "2997"]
[BlackElo "2840"]
[TimeControl "180+1"]
[EndTime "9:06:53 PST"]
[Termination "artin10862 won on time"]

1. d4 d5 2. Bg5 c6 3. e3 Nf6 4. Bd3 Bg4 5. f3 Bh5 6. c3 e6 7.
Ne2 Bg6 8. e4 Be7 9. e5 Nfd7 10.
Bxe7 Qxe7 11. O-O c5 12. a3 Nc6 13. f4 Bh5 14. Qd2 Bxe2 15. Bxe2 Qd8 16. b4 cxd4 17.
cxd4 Qb6 18. Rd1 O-O 19. Nc3 Rac8 20. Na4 Qd8 21. Rac1 Ne7 22. Bd3 Nb6 23. Nc5 Rc7 24.
Qe2 Nc4 25. a4 Nf5 26. Qf2 Qc8 27. Kh1 b6 28. Nb3 Qd7 29. b5 Rfc8 30. g4 Ne7 31. f5 Na5 32. Rxc7 Rxc7 33. Nxa5 bxa5 34. Rf1 Qe8 35. Qd2 Qc8 36. Qxa5 h5 37. fxe6 fxe6 38. gxh5 Rc3 39. Qxa7 Qe8 40. Be2 Nf5 41. Bg4 Ne3 42. Rg1 Nxg4 43. Rxg4 Qf8 44. h3 Qf1+ 0-1